Login

Fucksticks vs Trash Pandas

Created - November 12, 2023 at 11:46

Goals
1 2 3 T
Fucksticks 3 0 0 3
Trash Pandas 0 1 0 1
Shots
1 2 3 T
Fucksticks 10 5 8 23
Trash Pandas 10 11 9 30

GoalsPenalties
1st period
1. Fucksticks , Elias Lindholm 2 (John Carlson 6, Kyle Connor 6) at 14:29
2. Fucksticks , Tage Thompson 1 (MacKenzie Weegar 1, Alex DeBrincat 4) at 17:10 (PP)
3. Fucksticks , Andrei Kuzmenko 2 (Dawson Mercer 2) at 17:48
Raccoon Willie (ABE) for High sticking (Minor) at 15:38
Jeremy Swayman (FUK) for Slashing (Minor) at 19:03 - MacKenzie Weegar served the penalty.
2nd period
4. Trash Pandas , Sean Kuraly 4 (Kevin Bahl 1, Tanner Pearson 1) at 18:40
Nicolas Hague (FUK) for Hooking (Minor) at 5:05
Mulvinder BitchTits (FUK) for High sticking (Minor) at 16:36
3rd period
No Goal
Raccoon Willie (ABE) for Hooking (Minor) at 1:13
Jeremy Swayman (FUK) for Delaying the game (Minor) at 7:57 - Nicolas Hague served the penalty.
MacKenzie Weegar (FUK) for Tripping (Minor) at 9:22
Sean Kuraly (ABE) for Hooking (Minor) at 15:12
Goalie Stats
Jeremy Swayman (FUK), 29 saves from 30 shots - (0.967), W, 2-0-1, 60:00 minutes
Jordan Binnington (ABE), 20 saves from 23 shots - (0.870), L, 1-1-1, 60:00 minutes
3 StarsOfficial
1 - Jeremy Swayman (FUK)
2 - Elias Lindholm (FUK)
3 - Tage Thompson (FUK)
Referees : Unknown
Linesman : Unknown
Game Note
No Game Note
Finance
Level 1 -- Attendance: 4180 (69.67%) -- Ticket Income $418,000
Level 2 -- Attendance: 4151 (83.02%) -- Ticket Income $249,060
Level 3 -- Attendance: 1556 (77.80%) -- Ticket Income $54,460
Level 4 -- Attendance: 2892 (72.30%) -- Ticket Income $72,300
Luxury Box -- Attendance: 985 (98.50%) -- Ticket Income $197,000
Game was played at the Balmoral Castle.
Total Attendance: 13764 (76.47%)
Total Ticket Income: $990,820
Other Income: $396,328
Total Income: $1,387,148



Team Name Goals Shots Shots Attemp Shots Blocked PIM HIT PP PK FO%
Fucksticks 32345310151 / 3 (33%)041%
Trash Pandas 1304186140 / 5 (0%)159%

Fucksticks
Player Name POS G A P +/- PIM HIT SHT SB MP PP MP PP SHT PK MP PK SHT FO% FOT
Alex DeBrincatLW/RW0110012016:372:4213:3400% 0
Andrei KuzmenkoLW1010002014:570:0000:0000% 0
Connor McDavidC0000012025:322:4205:47036% 22
Dawson MercerRW0110012014:570:0000:000100% 2
Elias LindholmC/RW1011012015:572:4800:00046% 13
John CarlsonD0111002020:462:3115:1000% 0
Kyle ConnorLW0111000019:312:4803:3400% 4
MacKenzie WeegarD0111201117:572:3112:2100% 0
Mark GiordanoD0001001013:390:0000:0000% 0
Mark StoneRW0001013015:572:4800:0000% 2
Mulvinder BitchTitsD000-1242224:262:5913:0300% 0
Nicolas HagueD0001200016:190:0002:4100% 0
Pavel ZachaC/LW000000006:420:0000:00033% 6
Quinn HughesD000-100006:270:0001:1500% 0
Rasmus DahlinD0000032020:232:5924:1100% 0
Tage ThompsonC/LW/RW1010012018:162:4225:1300% 1
Thomas NovakC0000000014:570:0000:00055% 11
Yanni GourdeC/RW000002006:420:0000:000100% 2
Trash Pandas
Player Name POS G A P +/- PIM HIT SHT SB MP PP MP PP SHT PK MP PK SHT FO% FOT
Anders LeeLW000-1034017:213:3410:000100% 1
Ben ChiarotD0000021124:103:3002:4700% 0
Connor MurphyD0000010024:175:2602:3900% 0
Erik GudbransonD0000001123:083:5512:3400% 0
Erik JohnsonD0000001018:500:0002:1100% 0
Isac LundestromC0001001116:290:0001:53067% 3
Jonathan ToewsC000-1002114:383:3410:00075% 16
Kevin BahlD011-1030112:090:2500:0000% 0
Max PaciorettyLW000-1000016:405:2200:3400% 0
Morgan GeekieC/RW000000000:250:2500:0000% 0
Raccoon WillieRW000-1434021:335:2200:2600% 1
Ryan O'ReillyC0001003017:270:0002:51038% 16
Ryan StromeC000000106:360:0000:20050% 6
Sean KuralyLW101020109:150:2502:0100% 0
Sean MonahanC000-1005120:214:4101:53072% 18
Shayne GostisbehereD000-1003016:185:2630:4900% 0
Tanner PearsonLW0111020015:251:0600:0000% 0
Taylor HallLW/RW000-1003219:253:3401:0200% 2

Fucksticks

5 vs 5 Forward
Line #Left WingCenterRight WingPHYDFOFWanted %Time %Time Play
1Tage ThompsonConnor McDavidAlex DeBrincat1223023%10:21
2Kyle ConnorElias LindholmMark Stone1222829%13:09
3Andrei KuzmenkoThomas NovakDawson Mercer1222633%14:57
4Connor McDavidPavel ZachaYanni Gourde1221615%6:42
5 vs 5 Defense
Line #DefenseDefensePHYDFOFWanted %Time %Time Play
1Mulvinder BitchTitsRasmus Dahlin1223029%13:13
2MacKenzie WeegarJohn Carlson1222829%13:05
3Mark GiordanoNicolas Hague1222630%13:39
4Quinn HughesMulvinder BitchTits1221612%5:12
Power Play Forward
Line #Left WingCenterRight WingPHYDFOFWanted %Time %Time Play
1Tage ThompsonConnor McDavidAlex DeBrincat1225549%2:42
2Kyle ConnorElias LindholmMark Stone1224551%2:48
Power Play Defense
Line #DefenseDefensePHYDFOFWanted %Time %Time Play
1Mulvinder BitchTitsRasmus Dahlin1225554%2:59
2MacKenzie WeegarJohn Carlson1224546%2:31
Penalty Kill 4 Players Forward
Line #CenterWingPHYDFOFWanted %Time %Time Play
1Connor McDavidTage Thompson1225559%5:13
2Kyle ConnorAlex DeBrincat1224541%3:34
Penalty Kill 4 Players Defense
Line #DefenseDefensePHYDFOFWanted %Time %Time Play
1Mulvinder BitchTitsRasmus Dahlin1225548%4:11
2MacKenzie WeegarJohn Carlson1224552%4:36
Penalty Kill 3 Players
Line #WingPHYDFOFWanted %Time %Time PlayDefenseDefensePHYDFOFWanted %Time %Time Play
1Connor McDavid12255100%0:34 Mulvinder BitchTitsRasmus Dahlin122550%0:00
2Tage Thompson122450%0:00 MacKenzie WeegarJohn Carlson12245100%0:34
4 vs 4 Forward
Line #CenterWingPHYDFOFWanted %Time %Time Play
1Connor McDavidTage Thompson122550%0:00
2Kyle ConnorAlex DeBrincat122450%0:00
4 vs 4 Defense
Line #DefensePHYDFOFWanted %Time %Time Play
1Mulvinder BitchTitsRasmus Dahlin122550%0:00
2MacKenzie WeegarJohn Carlson122450%0:00
Last Minutes Offensive
Left WingCenterRight WingDefenseDefense
Tage ThompsonConnor McDavidAlex DeBrincatMulvinder BitchTitsRasmus Dahlin
Last Minutes Defensive
Left WingCenterRight WingDefenseDefense
Tage ThompsonConnor McDavidAlex DeBrincatMulvinder BitchTitsRasmus Dahlin
Time
Total ForwardTotal DefenseLast Minutes OffensiveLast Minutes Defensive
60:00 60:00 0:000:00
Extra Forwards
Normal PowerPlayPenalty Kill
Andrei Kuzmenko, Thomas Novak, Dawson MercerAndrei Kuzmenko, Thomas NovakDawson Mercer
Extra Defensemen
Normal PowerPlayPenalty Kill
Mark Giordano, Nicolas Hague, Quinn HughesMark Giordano, Nicolas HagueQuinn Hughes
Penalty Shots
Connor McDavid, Tage Thompson, Kyle Connor, Alex DeBrincat, Andrei Kuzmenko
Goalie
Jeremy Swayman, Ilya Sorokin
Custom OT Lines Forwards
Connor McDavid, Tage Thompson, Kyle Connor, Alex DeBrincat, Andrei Kuzmenko, Mark Stone, Elias Lindholm, Thomas Novak, Dawson Mercer, Pavel Zacha
Custom OT Lines Defensemen
Mulvinder BitchTits, Rasmus Dahlin, MacKenzie Weegar, John Carlson, Mark Giordano
Scratches
Ryan Hartman (Healthy), Trent Frederic (Healthy)

Trash Pandas

5 vs 5 Forward
Line #Left WingCenterRight WingPHYDFOFWanted %Time %Time Play
1Max PaciorettyJonathan ToewsRaccoon Willie1223025%11:04
2Anders LeeSean MonahanTaylor Hall1222829%13:13
3Tanner PearsonRyan O'ReillyIsac Lundestrom1222632%14:36
4Sean KuralyRyan StromeRaccoon Willie1131614%6:16
5 vs 5 Defense
Line #DefenseDefensePHYDFOFWanted %Time %Time Play
1Connor MurphyBen Chiarot1223017%7:53
2Erik GudbransonErik Johnson1222837%16:39
3Kevin BahlBen Chiarot1222627%12:18
4Connor MurphyShayne Gostisbehere1221618%8:19
Power Play Forward
Line #Left WingCenterRight WingPHYDFOFWanted %Time %Time Play
1Max PaciorettySean MonahanRaccoon Willie1045557%5:22
2Anders LeeJonathan ToewsTaylor Hall1044543%3:59
Power Play Defense
Line #DefenseDefensePHYDFOFWanted %Time %Time Play
1Connor MurphyShayne Gostisbehere1225558%5:26
2Erik GudbransonBen Chiarot1224542%3:55
Penalty Kill 4 Players Forward
Line #CenterWingPHYDFOFWanted %Time %Time Play
1Ryan O'ReillySean Kuraly1225566%3:37
2Isac LundestromSean Monahan1224534%1:53
Penalty Kill 4 Players Defense
Line #DefenseDefensePHYDFOFWanted %Time %Time Play
1Connor MurphyBen Chiarot1225552%2:53
2Erik GudbransonErik Johnson1224548%2:37
Penalty Kill 3 Players
Line #WingPHYDFOFWanted %Time %Time PlayDefenseDefensePHYDFOFWanted %Time %Time Play
1Ryan O'Reilly122550%0:00 Connor MurphyBen Chiarot122550%0:00
2Isac Lundestrom122450%0:00 Erik GudbransonErik Johnson122450%0:00
4 vs 4 Forward
Line #CenterWingPHYDFOFWanted %Time %Time Play
1Ryan O'ReillyAnders Lee122550%0:00
2Jonathan ToewsSean Kuraly122450%0:00
4 vs 4 Defense
Line #DefensePHYDFOFWanted %Time %Time Play
1Connor MurphyBen Chiarot122550%0:00
2Erik GudbransonErik Johnson122450%0:00
Last Minutes Offensive
Left WingCenterRight WingDefenseDefense
Max PaciorettySean MonahanRaccoon WillieConnor MurphyShayne Gostisbehere
Last Minutes Defensive
Left WingCenterRight WingDefenseDefense
Sean KuralyRyan O'ReillyRaccoon WillieConnor MurphyBen Chiarot
Time
Total ForwardTotal DefenseLast Minutes OffensiveLast Minutes Defensive
60:00 60:00 0:000:00
Extra Forwards
Normal PowerPlayPenalty Kill
Tanner Pearson, Max Pacioretty, Raccoon WillieTanner Pearson, Max PaciorettyRaccoon Willie
Extra Defensemen
Normal PowerPlayPenalty Kill
Kevin Bahl, Shayne Gostisbehere, Erik GudbransonKevin Bahl, Shayne GostisbehereErik Gudbranson
Penalty Shots
Ben Chiarot, Raccoon Willie, Erik Gudbranson, Sean Monahan, Taylor Hall
Goalie
Jordan Binnington, Jake Allen
Custom OT Lines Forwards
Raccoon Willie, Max Pacioretty, Sean Monahan, Anders Lee, Taylor Hall, Jonathan Toews, Ryan Strome, Tanner Pearson, Isac Lundestrom, Ryan O'Reilly
Custom OT Lines Defensemen
Shayne Gostisbehere, Connor Murphy, Ben Chiarot, Erik Johnson, Erik Gudbranson
Scratches
Jaden Schwartz (Healthy), Mikael Granlund (Healthy), Casey DeSmith (Healthy)


Play-by-Play

1st period


0:01 of 1st period - Jonathan Toews wins face-off versus Connor McDavid in neutral zone.
0:22 of 1st period - Icing by Rasmus Dahlin.
0:23 of 1st period - Sean Monahan wins face-off versus Connor McDavid in Fucksticks zone.
0:24 of 1st period - Shot by Anders Lee.
0:24 of 1st period - Deflect By Sean Monahan.
0:24 of 1st period - Stopped by Jeremy Swayman with a rebound.
1:17 of 1st period - Mark Stone is hit by Kevin Bahl.
1:59 of 1st period - Tanner Pearson is hit by Dawson Mercer and loses puck.
2:08 of 1st period - Shot by Andrei Kuzmenko.
2:08 of 1st period - Shot Misses the Net.
2:13 of 1st period - Andrei Kuzmenko is hit by Kevin Bahl and loses puck.
3:53 of 1st period - Shot by Sean Monahan.
3:53 of 1st period - Stopped by Jeremy Swayman without a rebound.
3:54 of 1st period - Elias Lindholm wins face-off versus Jonathan Toews in Fucksticks zone.
4:05 of 1st period - Shot by Raccoon Willie.
4:05 of 1st period - Stopped by Jeremy Swayman without a rebound.
4:06 of 1st period - Thomas Novak wins face-off versus Jonathan Toews in Fucksticks zone.
5:03 of 1st period - Shot by Mark Stone.
5:03 of 1st period - Stopped by Jordan Binnington without a rebound.
5:04 of 1st period - Elias Lindholm wins face-off versus Ryan O'Reilly in Trash Pandas zone.
5:52 of 1st period - Mark Stone is hit by Tanner Pearson and loses puck.
6:31 of 1st period - Tage Thompson is hit by Ben Chiarot and loses puck.
6:46 of 1st period - Shot by Tage Thompson.
6:46 of 1st period - Shot Blocked by Taylor Hall.
7:24 of 1st period - Shot by Andrei Kuzmenko.
7:24 of 1st period - Shot Misses the Net.
7:57 of 1st period - Shot by Connor McDavid.
7:57 of 1st period - Shot Misses the Net.
8:39 of 1st period - Shot by Kyle Connor.
8:39 of 1st period - Shot Misses the Net.
8:41 of 1st period - Shot by John Carlson.
8:41 of 1st period - Stopped by Jordan Binnington with a rebound.
8:43 of 1st period - Shot by Elias Lindholm.
8:43 of 1st period - Stopped by Jordan Binnington with a rebound.
10:12 of 1st period - Shot by Taylor Hall.
10:12 of 1st period - Stopped by Jeremy Swayman with a rebound.
10:52 of 1st period - Shot by Isac Lundestrom.
10:52 of 1st period - Stopped by Jeremy Swayman without a rebound.
10:53 of 1st period - Ryan Strome wins face-off versus Elias Lindholm in Fucksticks zone.
12:13 of 1st period - Shot by Ryan O'Reilly.
12:13 of 1st period - Stopped by Jeremy Swayman without a rebound.
12:14 of 1st period - Pavel Zacha wins face-off versus Ryan O'Reilly in Fucksticks zone.
12:28 of 1st period - Isac Lundestrom is hit by Yanni Gourde and loses puck.
13:00 of 1st period - Icing by Mark Giordano.
13:01 of 1st period - Thomas Novak wins face-off versus Ryan Strome in Fucksticks zone.
13:01 of 1st period - Mark Giordano is hit by Raccoon Willie and loses puck.
13:22 of 1st period - Shot by Raccoon Willie.
13:22 of 1st period - Stopped by Jeremy Swayman with a rebound.
13:44 of 1st period - Icing by Nicolas Hague.
13:45 of 1st period - Dawson Mercer wins face-off versus Jonathan Toews in Fucksticks zone.
13:45 of 1st period - Dawson Mercer is hit by Raccoon Willie.
14:25 of 1st period - Shot by Elias Lindholm.
14:25 of 1st period - Shot Blocked by Jonathan Toews.
14:27 of 1st period - Shot by John Carlson.
14:27 of 1st period - Shot Misses the Net.
14:29 of 1st period - Shot by Elias Lindholm.
14:29 of 1st period - Goal by Elias Lindholm - Fucksticks : 1 - Trash Pandas : 0.
14:30 of 1st period - Connor McDavid wins face-off versus Sean Monahan in neutral zone.
14:33 of 1st period - Erik Johnson is hit by Tage Thompson and loses puck.
14:54 of 1st period - Shot by Alex DeBrincat.
14:54 of 1st period - Deflect By Connor McDavid.
14:54 of 1st period - Stopped by Jordan Binnington without a rebound.
14:55 of 1st period - Ryan O'Reilly wins face-off versus Pavel Zacha in Trash Pandas zone.
15:08 of 1st period - Shot by Ryan O'Reilly.
15:08 of 1st period - Shot Misses the Net.
15:13 of 1st period - Icing by Connor McDavid.
15:14 of 1st period - Yanni Gourde wins face-off versus Taylor Hall in Fucksticks zone.
15:35 of 1st period - Icing by Yanni Gourde.
15:36 of 1st period - Pavel Zacha wins face-off versus Ryan Strome in Fucksticks zone.
15:38 of 1st period - Minor Penalty to Raccoon Willie for High sticking.
15:39 of 1st period - Ryan O'Reilly wins face-off versus Elias Lindholm in Trash Pandas zone.
15:58 of 1st period - Shot by Mark Stone.
15:58 of 1st period - Shot Blocked by Ben Chiarot.
16:00 of 1st period - Shot by Mulvinder BitchTits.
16:00 of 1st period - Stopped by Jordan Binnington with a rebound.
16:07 of 1st period - Elias Lindholm is hit by Ben Chiarot and loses puck.
16:39 of 1st period - Shot by John Carlson.
16:39 of 1st period - Shot Misses the Net.
17:06 of 1st period - Shot by Tage Thompson.
17:06 of 1st period - Stopped by Jordan Binnington with a rebound.
17:08 of 1st period - Shot by MacKenzie Weegar.
17:08 of 1st period - Stopped by Jordan Binnington with a rebound.
17:10 of 1st period - Shot by Tage Thompson.
17:10 of 1st period - Goal by Tage Thompson - Fucksticks : 2 - Trash Pandas : 0.
17:11 of 1st period - Jonathan Toews wins face-off versus Thomas Novak in neutral zone.
17:15 of 1st period - Icing by Mark Giordano.
17:16 of 1st period - Jonathan Toews wins face-off versus Thomas Novak in Fucksticks zone.
17:42 of 1st period - Icing by Thomas Novak.
17:43 of 1st period - Dawson Mercer wins face-off versus Taylor Hall in Fucksticks zone.
17:48 of 1st period - Shot by Andrei Kuzmenko.
17:48 of 1st period - Goal by Andrei Kuzmenko - Fucksticks : 3 - Trash Pandas : 0.
17:49 of 1st period - Sean Monahan wins face-off versus Connor McDavid in neutral zone.
17:57 of 1st period - Sean Monahan is hit by Mulvinder BitchTits and loses puck.
18:08 of 1st period - Shot by Sean Monahan.
18:08 of 1st period - Deflect By Anders Lee.
18:08 of 1st period - Stopped by Jeremy Swayman with a rebound.
19:03 of 1st period - Shot by Erik Johnson.
19:03 of 1st period - Stopped by Jeremy Swayman without a rebound.
19:03 of 1st period - Minor Penalty to Jeremy Swayman for Slashing.
19:04 of 1st period - Jonathan Toews wins face-off versus Tage Thompson in Fucksticks zone.
19:31 of 1st period - Shot by Shayne Gostisbehere.
19:31 of 1st period - Stopped by Jeremy Swayman with a rebound.
19:33 of 1st period - Shot by Jonathan Toews.
19:33 of 1st period - Shot Misses the Net.
19:43 of 1st period - Sean Monahan is hit by Alex DeBrincat and loses puck.
19:52 of 1st period - Shot by Erik Gudbranson.
19:52 of 1st period - Shot Misses the Net.
Goals for this period are 3 for Fucksticks vs 0 for Trash Pandas.
Shots for this period are 10 for Fucksticks vs 10 for Trash Pandas.

2nd period


0:01 of 2nd period - Connor McDavid wins face-off versus Sean Monahan in neutral zone.
0:19 of 2nd period - Icing by Connor Murphy.
0:20 of 2nd period - Sean Monahan wins face-off versus Connor McDavid in Trash Pandas zone.
1:03 of 2nd period - Icing by Taylor Hall.
1:04 of 2nd period - Elias Lindholm wins face-off versus Ryan O'Reilly in Trash Pandas zone.
1:04 of 2nd period - Elias Lindholm is hit by Kevin Bahl.
1:08 of 2nd period - Shot by Rasmus Dahlin.
1:08 of 2nd period - Shot Misses the Net.
1:21 of 2nd period - Shot by Kyle Connor.
1:21 of 2nd period - Shot Blocked by Kevin Bahl.
1:38 of 2nd period - Shot by Mark Stone.
1:38 of 2nd period - Stopped by Jordan Binnington without a rebound.
1:39 of 2nd period - Thomas Novak wins face-off versus Ryan Strome in Trash Pandas zone.
2:07 of 2nd period - Shot by Andrei Kuzmenko.
2:07 of 2nd period - Shot Misses the Net.
2:43 of 2nd period - Shot by Anders Lee.
2:43 of 2nd period - Stopped by Jeremy Swayman with a rebound.
2:51 of 2nd period - Shot by Taylor Hall.
2:51 of 2nd period - Deflect By Sean Monahan.
2:51 of 2nd period - Stopped by Jeremy Swayman with a rebound.
2:59 of 2nd period - Shot by Anders Lee.
2:59 of 2nd period - Stopped by Jeremy Swayman with a rebound.
3:03 of 2nd period - Shot by Taylor Hall.
3:03 of 2nd period - Stopped by Jeremy Swayman without a rebound.
3:04 of 2nd period - Elias Lindholm wins face-off versus Ryan O'Reilly in Fucksticks zone.
3:54 of 2nd period - Mulvinder BitchTits is hit by Anders Lee and loses puck.
4:31 of 2nd period - Shot by Andrei Kuzmenko.
4:31 of 2nd period - Stopped by Jordan Binnington with a rebound.
4:36 of 2nd period - Icing by Ben Chiarot.
4:37 of 2nd period - Sean Monahan wins face-off versus Connor McDavid in Trash Pandas zone.
5:05 of 2nd period - Minor Penalty to Nicolas Hague for Hooking.
5:06 of 2nd period - Connor McDavid wins face-off versus Sean Monahan in Fucksticks zone.
5:34 of 2nd period - Icing by Sean Monahan.
5:35 of 2nd period - Connor McDavid wins face-off versus Sean Monahan in Trash Pandas zone.
7:07 of 2nd period - Shot by Raccoon Willie.
7:07 of 2nd period - Stopped by Jeremy Swayman without a rebound.
7:08 of 2nd period - Thomas Novak wins face-off versus Ryan O'Reilly in Fucksticks zone.
7:45 of 2nd period - Shot by Thomas Novak.
7:45 of 2nd period - Shot Misses the Net.
8:02 of 2nd period - Icing by Erik Gudbranson.
8:03 of 2nd period - Ryan O'Reilly wins face-off versus Pavel Zacha in Trash Pandas zone.
8:44 of 2nd period - Shot by Sean Monahan.
8:44 of 2nd period - Stopped by Jeremy Swayman with a rebound.
9:20 of 2nd period - Shot by Raccoon Willie.
9:20 of 2nd period - Shot Blocked by Mulvinder BitchTits.
9:22 of 2nd period - Shot by Raccoon Willie.
9:22 of 2nd period - Shot Misses the Net.
9:28 of 2nd period - Shot by Raccoon Willie.
9:28 of 2nd period - Stopped by Jeremy Swayman without a rebound.
9:29 of 2nd period - Elias Lindholm wins face-off versus Raccoon Willie in Fucksticks zone.
9:53 of 2nd period - Shot by Mark Stone.
9:53 of 2nd period - Stopped by Jordan Binnington without a rebound.
9:54 of 2nd period - Sean Monahan wins face-off versus Thomas Novak in Trash Pandas zone.
10:01 of 2nd period - Nicolas Hague is hit by Anders Lee and loses puck.
10:06 of 2nd period - Shot by Anders Lee.
10:06 of 2nd period - Shot Misses the Net.
11:35 of 2nd period - Mulvinder BitchTits is hit by Tanner Pearson.
12:01 of 2nd period - Shot by Connor McDavid.
12:01 of 2nd period - Shot Blocked by Erik Gudbranson.
12:33 of 2nd period - Shot by Thomas Novak.
12:33 of 2nd period - Shot Misses the Net.
12:35 of 2nd period - Shot by Mark Giordano.
12:35 of 2nd period - Stopped by Jordan Binnington with a rebound.
12:43 of 2nd period - Shot by Dawson Mercer.
12:43 of 2nd period - Stopped by Jordan Binnington without a rebound.
12:44 of 2nd period - Jonathan Toews wins face-off versus Elias Lindholm in Trash Pandas zone.
12:44 of 2nd period - Jonathan Toews is hit by Mark Stone.
13:19 of 2nd period - Icing by John Carlson.
13:20 of 2nd period - Sean Monahan wins face-off versus Kyle Connor in Fucksticks zone.
14:05 of 2nd period - Kevin Bahl is hit by Connor McDavid and loses puck.
14:11 of 2nd period - Ben Chiarot is hit by Rasmus Dahlin and loses puck.
14:25 of 2nd period - Mulvinder BitchTits is hit by Connor Murphy and loses puck.
14:47 of 2nd period - Shot by Raccoon Willie.
14:47 of 2nd period - Deflect By Ryan Strome.
14:47 of 2nd period - Shot Blocked by Mulvinder BitchTits.
16:27 of 2nd period - Shot by Ryan O'Reilly.
16:27 of 2nd period - Shot Blocked by MacKenzie Weegar.
16:29 of 2nd period - Shot by Ryan O'Reilly.
16:29 of 2nd period - Stopped by Jeremy Swayman without a rebound.
16:30 of 2nd period - Ryan O'Reilly wins face-off versus Pavel Zacha in Fucksticks zone.
16:30 of 2nd period - Ryan O'Reilly is hit by Mulvinder BitchTits.
16:35 of 2nd period - Isac Lundestrom is hit by Mulvinder BitchTits and loses puck.
16:36 of 2nd period - Minor Penalty to Mulvinder BitchTits for High sticking.
16:37 of 2nd period - Sean Monahan wins face-off versus Connor McDavid in Fucksticks zone.
17:35 of 2nd period - Shot by Shayne Gostisbehere.
17:35 of 2nd period - Stopped by Jeremy Swayman without a rebound.
17:36 of 2nd period - Jonathan Toews wins face-off versus Kyle Connor in Fucksticks zone.
17:36 of 2nd period - Taylor Hall is hit by Rasmus Dahlin and loses puck.
18:40 of 2nd period - Shot by Sean Kuraly.
18:40 of 2nd period - Goal by Sean Kuraly - Fucksticks : 3 - Trash Pandas : 1.
18:41 of 2nd period - Thomas Novak wins face-off versus Ryan O'Reilly in neutral zone.
18:43 of 2nd period - Off-side.
18:44 of 2nd period - Isac Lundestrom wins face-off versus Elias Lindholm in neutral zone.
19:09 of 2nd period - Shot by Ryan O'Reilly.
19:09 of 2nd period - Stopped by Jeremy Swayman without a rebound.
19:10 of 2nd period - Sean Monahan wins face-off versus Thomas Novak in Fucksticks zone.
19:36 of 2nd period - Taylor Hall is hit by Rasmus Dahlin and loses puck.
Goals for this period are 0 for Fucksticks vs 1 for Trash Pandas.
Shots for this period are 5 for Fucksticks vs 11 for Trash Pandas.

3rd period


0:01 of 3rd period - Jonathan Toews wins face-off versus Connor McDavid in neutral zone.
0:13 of 3rd period - Icing by Connor McDavid.
0:14 of 3rd period - Sean Monahan wins face-off versus Connor McDavid in Fucksticks zone.
0:39 of 3rd period - Shot by Connor McDavid.
0:39 of 3rd period - Shot Blocked by Taylor Hall.
0:41 of 3rd period - Shot by Alex DeBrincat.
0:41 of 3rd period - Shot Blocked by Sean Monahan.
0:43 of 3rd period - Shot by Alex DeBrincat.
0:43 of 3rd period - Stopped by Jordan Binnington without a rebound.
0:44 of 3rd period - Jonathan Toews wins face-off versus Kyle Connor in Trash Pandas zone.
0:50 of 3rd period - Off-side.
0:51 of 3rd period - Jonathan Toews wins face-off versus Mark Stone in neutral zone.
1:08 of 3rd period - Kyle Connor is hit by Raccoon Willie.
1:13 of 3rd period - Minor Penalty to Raccoon Willie for Hooking.
1:14 of 3rd period - Connor McDavid wins face-off versus Ryan O'Reilly in Trash Pandas zone.
1:19 of 3rd period - Shot by Alex DeBrincat.
1:19 of 3rd period - Stopped by Jordan Binnington with a rebound.
2:02 of 3rd period - Off-side.
2:03 of 3rd period - Isac Lundestrom wins face-off versus Mark Stone in neutral zone.
3:02 of 3rd period - Shot by Rasmus Dahlin.
3:02 of 3rd period - Stopped by Jordan Binnington without a rebound.
3:03 of 3rd period - Connor McDavid wins face-off versus Isac Lundestrom in Trash Pandas zone.
3:04 of 3rd period - Shot by Mulvinder BitchTits.
3:04 of 3rd period - Shot Blocked by Isac Lundestrom.
3:06 of 3rd period - Shot by Rasmus Dahlin.
3:06 of 3rd period - Stopped by Jordan Binnington with a rebound.
3:26 of 3rd period - Shot by Jonathan Toews.
3:26 of 3rd period - Stopped by Jeremy Swayman without a rebound.
3:27 of 3rd period - Sean Monahan wins face-off versus Pavel Zacha in Fucksticks zone.
3:27 of 3rd period - Sean Monahan is hit by Mulvinder BitchTits.
3:37 of 3rd period - Shot by Taylor Hall.
3:37 of 3rd period - Stopped by Jeremy Swayman without a rebound.
3:38 of 3rd period - Jonathan Toews wins face-off versus Elias Lindholm in Fucksticks zone.
4:30 of 3rd period - Shot by Sean Monahan.
4:30 of 3rd period - Stopped by Jeremy Swayman without a rebound.
4:31 of 3rd period - Ryan O'Reilly wins face-off versus Connor McDavid in Fucksticks zone.
5:10 of 3rd period - Shot by Tage Thompson.
5:10 of 3rd period - Shot Misses the Net.
5:12 of 3rd period - Shot by Mulvinder BitchTits.
5:12 of 3rd period - Stopped by Jordan Binnington with a rebound.
5:48 of 3rd period - Shot by Dawson Mercer.
5:48 of 3rd period - Stopped by Jordan Binnington without a rebound.
5:49 of 3rd period - Jonathan Toews wins face-off versus Elias Lindholm in Trash Pandas zone.
5:49 of 3rd period - Jonathan Toews is hit by Elias Lindholm.
6:57 of 3rd period - Shayne Gostisbehere is hit by Yanni Gourde and loses puck.
7:25 of 3rd period - Shot by Connor McDavid.
7:25 of 3rd period - Stopped by Jordan Binnington without a rebound.
7:26 of 3rd period - Ryan Strome wins face-off versus Thomas Novak in Trash Pandas zone.
7:33 of 3rd period - Shot by Raccoon Willie.
7:33 of 3rd period - Shot Misses the Net.
7:57 of 3rd period - Shot by Ryan Strome.
7:57 of 3rd period - Stopped by Jeremy Swayman without a rebound.
7:57 of 3rd period - Minor Penalty to Jeremy Swayman for Delaying the game.
7:58 of 3rd period - Connor McDavid wins face-off versus Jonathan Toews in Fucksticks zone.
8:09 of 3rd period - Shot by Anders Lee.
8:09 of 3rd period - Shot Misses the Net.
8:11 of 3rd period - Shot by Jonathan Toews.
8:11 of 3rd period - Stopped by Jeremy Swayman without a rebound.
8:12 of 3rd period - Sean Monahan wins face-off versus Connor McDavid in Fucksticks zone.
8:27 of 3rd period - Shot by Shayne Gostisbehere.
8:27 of 3rd period - Stopped by Jeremy Swayman without a rebound.
8:28 of 3rd period - Jonathan Toews wins face-off versus Connor McDavid in Fucksticks zone.
9:22 of 3rd period - Minor Penalty to MacKenzie Weegar for Tripping.
9:23 of 3rd period - Sean Monahan wins face-off versus Connor McDavid in Fucksticks zone.
10:12 of 3rd period - Shot by Anders Lee.
10:12 of 3rd period - Stopped by Jeremy Swayman without a rebound.
10:13 of 3rd period - Anders Lee wins face-off versus Kyle Connor in Fucksticks zone.
10:36 of 3rd period - Shot by Erik Gudbranson.
10:36 of 3rd period - Stopped by Jeremy Swayman without a rebound.
10:37 of 3rd period - Sean Monahan wins face-off versus Connor McDavid in Fucksticks zone.
12:43 of 3rd period - Shot by Mark Stone.
12:43 of 3rd period - Deflect By Kyle Connor.
12:43 of 3rd period - Shot Misses the Net.
12:56 of 3rd period - Icing by Erik Gudbranson.
12:57 of 3rd period - Connor McDavid wins face-off versus Ryan O'Reilly in Trash Pandas zone.
13:14 of 3rd period - Shot by Anders Lee.
13:14 of 3rd period - Shot Hit the Post.
13:16 of 3rd period - Shot by Ben Chiarot.
13:16 of 3rd period - Stopped by Jeremy Swayman without a rebound.
13:17 of 3rd period - Thomas Novak wins face-off versus Sean Monahan in Fucksticks zone.
13:17 of 3rd period - Mulvinder BitchTits is hit by Anders Lee and loses puck.
14:52 of 3rd period - Icing by Nicolas Hague.
14:53 of 3rd period - Ryan Strome wins face-off versus Connor McDavid in Fucksticks zone.
15:12 of 3rd period - Minor Penalty to Sean Kuraly for Hooking.
15:13 of 3rd period - Elias Lindholm wins face-off versus Ryan O'Reilly in Trash Pandas zone.
15:38 of 3rd period - Shot by Mark Stone.
15:38 of 3rd period - Shot Misses the Net.
16:34 of 3rd period - Shot by Tage Thompson.
16:34 of 3rd period - Shot Misses the Net.
17:00 of 3rd period - Shot by John Carlson.
17:00 of 3rd period - Stopped by Jordan Binnington without a rebound.
17:01 of 3rd period - Ryan O'Reilly wins face-off versus Elias Lindholm in Trash Pandas zone.
18:26 of 3rd period - Icing by Ryan O'Reilly.
18:27 of 3rd period - Yanni Gourde wins face-off versus Ryan O'Reilly in Trash Pandas zone.
Goals for this period are 0 for Fucksticks vs 0 for Trash Pandas.
Shots for this period are 8 for Fucksticks vs 9 for Trash Pandas.